 Dungeon Crawl Stone Soup version 0.27-b1-23-g44b8eac545 (webtiles) character file.

Game seed: 429577703428031821

2546 ZARRMARR the Shield-Bearer (level 9, -21/74 HPs)
             Began as a Hill Orc Fighter on July 27, 2021.
             Was a Follower of Beogh.
             Demolished by a two-headed ogre (25 damage)
             ... on level 8 of the Dungeon.
             The game lasted 01:05:24 (9732 turns).

ZARRMARR the Shield-Bearer (Hill Orc Fighter)       Turns: 9732, Time: 01:05:24

Health: -21/74     AC:  5    Str: 19    XL:     9   Next: 55%
Magic:  9/9        EV:  9    Int: 11    God:    Beogh [*.....]
Gold:   415        SH: 16    Dex: 13    Spells: 5/8 levels left

rFire    + . .     SeeInvis .   c - +9 spear "Beastslayer" {vorpal, Int+3}
rCold    + . .     Faith    .   j - +0 tower shield
rNeg     . . .     Spirit   .   A - +2 robe {Will+}
rPois    .         Reflect  .   (no helmet)
rElec    .         Harm     .   r - scarf {rC+ rF+}
rCorr    .         Rampage  .   (no gloves)
Will     +....                  g - +0 pair of boots
Stlth    ++........             (no amulet)
HPRegen  0.22/turn              p - ring of flight
MPRegen  0.11/turn              (no ring)

@: flying
A: no striking features
a: Renounce Religion


You were on level 8 of the Dungeon.
You worshipped Beogh.
Beogh was aware of your devotion.
You visited 2 branches of the dungeon, and saw 9 of its levels.

You collected 415 gold pieces.

Inventory:

Hand Weapons
 c - the +9 spear "Beastslayer" (weapon) {vorpal, Int+3}
   (You found it on level 6 of the Dungeon)

   It inflicts extra damage upon your enemies.
   Int:       It affects your intelligence (+3).
 h - a +3 dagger of venom
 s - the +5 mace of Attainder {protect, Int+2}
   (You found it on level 4 of the Dungeon)

   It grants its wielder temporary protection when it strikes (+7 to AC).
   Int:       It affects your intelligence (+2).
 u - a +2 quarterstaff of chaos
Missiles
 b - 6 javelins
 l - 10 boomerangs (quivered)
 o - 63 poisoned darts
 z - a curare-tipped dart
 B - a throwing net
Armour
 g - a +0 pair of boots (worn)
 j - a +0 tower shield (worn)
 r - a scarf of resistance (worn)
 A - a +2 robe of willpower (worn)
Magical Staves
 f - a staff of air
Jewellery
 m - an amulet of magic regeneration
 p - a ring of flight (left hand)
 x - a ring of ice
Wands
 y - a wand of iceblast (6)
 D - a wand of polymorph (11)
Scrolls
 a - a scroll of fog
 e - 2 scrolls of teleportation
 k - a scroll of noise
 w - a scroll of amnesia {unknown}
 C - a scroll of summoning {unknown}
Potions
 d - 2 potions of cancellation {unknown}
 i - 2 potions of curing
 n - 3 potions of degeneration {unknown}
 q - 3 potions of lignification {unknown}
 t - a potion of brilliance {unknown}


   Skills:
 + Level 5.4 Fighting
 - Level 2.3 Short Blades
 - Level 3.8(5.6) Axes
 - Level 4.0(4.5) Maces & Flails
 + Level 3.1(3.8) Polearms
 + Level 4.6 Throwing
 + Level 6.6 Armour
 + Level 2.4 Dodging
 + Level 1.2 Stealth
 + Level 7.8 Shields


You had 5 spell levels left.
You knew the following spells:

 Your Spells              Type           Power      Damage    Failure   Level
a - Conjure Flame         Conj/Fire      0%         6-21      100%        3

Your spell library contained the following spells:

 Spells                   Type           Power      Damage    Failure   Level
 Ignite Poison            Fire/Tmut/Pois 0%         N/A       100%        3
 Sticky Flame             Conj/Fire      0%         2d3       100%        4


Dungeon Overview and Level Annotations

Branches:
Dungeon (8/15)             Temple (1/1) D:5
   Lair: D:8-11

Altars:
Ashenzari
Dithmenos
Fedhas
Gozag
Hepliaklqana
Kikubaaqudgha
Makhleb
Nemelex Xobeh
Okawaru
Qazlal
Ru
Sif Muna
Trog
Uskayaw
Vehumet
Wu Jian
Xom
Yredelemnul
Zin

Shops:
D:1 !=   D:5 *   D:6 (

Annotations:
D:7 2 runed translucent doors, exclusion: orange crystal statue


Message History

The helpless two-headed ogre fails to defend itself.
You puncture the two-headed ogre!
The two-headed ogre is moderately wounded.
You block the two-headed ogre's attack. x2
You completely miss the two-headed ogre.
The two-headed ogre is moderately wounded.
You block the two-headed ogre's attack. The two-headed ogre closely misses you.
You puncture the two-headed ogre!
The two-headed ogre is heavily wounded.
You block the two-headed ogre's attack. x2
You puncture the two-headed ogre!
The two-headed ogre is severely wounded.
The two-headed ogre misses you.
The two-headed ogre hits you with a +0 giant spiked club!
You hit the two-headed ogre.
The two-headed ogre is almost dead.
You block the two-headed ogre's attack.
The two-headed ogre hits you with a +0 giant spiked club!
You hit the two-headed ogre but do no damage.
The two-headed ogre is almost dead.
The two-headed ogre hits you but does no damage.
You block the two-headed ogre's attack.
You barely miss the two-headed ogre.
The two-headed ogre is almost dead.
You block the two-headed ogre's attack.
The two-headed ogre hits you with a +0 giant spiked club!
You hit the two-headed ogre.
The two-headed ogre is almost dead.
The two-headed ogre hits you with a +0 giant club!
The two-headed ogre hits you but does no damage.
Your shield prevents you from hitting the two-headed ogre.
The two-headed ogre is almost dead.
The two-headed ogre hits you with a +0 giant club!
* * * LOW HITPOINT WARNING * * *
The two-headed ogre hits you with a +0 giant spiked club!
* * * LOW HITPOINT WARNING * * *
You hit the two-headed ogre.
The two-headed ogre is almost dead.
The two-headed ogre hits you with a +0 giant club!!
You die...

.# #. .#.# #.# .#.#.#
#.# ...#.#.# #.#
.#.#.#.#.# #.#
.#.#.#.#.#.# #.#
##.#(#.#.#.#.#.#
..#.#.#.#.#.#@#
####.#.#.#.#.#.#O#
......#.#.#.#.#.#.#
#.....#.#.#.#.#.#.#..
#......#.#.#.#.#.#.#..
..)...#.#.#.#.#.#.#+....
.......#.#.#.#.#.#.# ...
......#.#.#.#.#.#.#.. ..
.........###.#######..


You could see a two-headed ogre.

Vanquished Creatures
  A wyvern (D:7)
  A water moccasin (D:5)
  An ice beast (D:7)
  A black bear (D:2)
  4 ogres (D:5)
  A necrophage (D:4)
  A centaur (D:6)
  A phantom (D:4)
  4 kobold brigands
  A gnoll sergeant (D:6)
  5 killer bees (D:7)
  5 wights (D:7)
  A howler monkey (D:7)
  4 crimson imps (D:4)
  2 hounds
  A centaur skeleton (D:7)
  2 orc priests (D:7)
  Crazy Yiuf (D:4)
  3 iguanas
  An orc wizard (D:5)
  A hound zombie (D:5)
  A hound skeleton (D:4)
  5 adders
  11 gnolls
  A shadow imp (D:8)
  A white imp (D:7)
  A worm (D:3)
  An adder skeleton (D:5)
  2 dart slugs
  7 orcs
  5 endoplasms
  2 giant cockroaches (D:3)
  6 goblins
  6 hobgoblins
  11 jackals
  4 quokkas
  3 training dummies (D:6)
  7 ball pythons
  6 bats
  4 frilled lizards
  32 kobolds
  7 rats
165 creatures vanquished.

Notes
Turn   | Place    | Note
-------+----------+-------------------------------------------
     0 | D:1      | ZARRMARR the Hill Orc Fighter began the quest for the Orb.
     0 | D:1      | Reached XP level 1. HP: 19/19 MP: 1/1
   406 | D:1      | Reached XP level 2. HP: 15/27 MP: 2/2
   807 | D:1      | You fall into a shaft and drop 1 floor!
   976 | D:2      | Noticed a black bear
   982 | D:2      | Killed a black bear
   983 | D:2      | Reached skill level 1 in Short Blades
   983 | D:2      | Reached skill level 1 in Throwing
   983 | D:2      | Reached skill level 4 in Shields
   983 | D:2      | Reached XP level 3. HP: 19/33 MP: 3/3
   983 | D:2      | Reached XP level 4. HP: 23/40 MP: 4/4
  1204 | D:2      | Reached XP level 5. HP: 37/46 MP: 5/5
  1726 | D:1      | Found Kelerum's Distillery.
  1960 | D:1      | Found Ogisej's Jewellery Shop.
  3031 | D:3      | Reached XP level 6. HP: 52/52 MP: 6/6
  3360 | D:3      | Found a faded altar of an unknown god.
  3480 | D:4      | Noticed a necrophage
  3501 | D:4      | Killed a necrophage
  3895 | D:4      | Found a shimmering altar of Xom.
  3934 | D:4      | Reached skill level 1 in Dodging
  3934 | D:4      | Reached XP level 7. HP: 57/60 MP: 7/7
  3937 | D:4      | Reached skill level 5 in Armour
  4041 | D:4      | Found a runed translucent door.
  4048 | D:4      | Noticed Crazy Yiuf
  4071 | D:4      | Identified the +5 mace of Attainder {protect, Int+2}
  4125 | D:4      | Found a broken altar of Ashenzari.
  4612 | D:5      | Entered Level 5 of the Dungeon
  4612 | D:5      | Found Huklihiw's Assorted Antiques.
  4698 | D:5      | Reached skill level 5 in Shields
  4823 | D:5      | Reached skill level 1 in Maces & Flails
  5102 | D:5      | Found a staircase to the Ecumenical Temple.
  5148 | Temple   | Entered the Ecumenical Temple
  5195 | Temple   | Became a worshipper of Ru the Awakened
  5449 | D:5      | Reached XP level 8. HP: 61/67 MP: 8/8
  5988 | D:4      | Killed Crazy Yiuf
  6439 | D:5      | Reached skill level 6 in Shields
  6698 | D:5      | Reached skill level 1 in Stealth
  7172 | D:6      | Identified the +9 spear "Beastslayer" {vorpal, Int+3}
  7322 | D:6      | Found a blossoming altar of Fedhas.
  7395 | D:6      | Learned a level 3 spell: Conjure Flame
  7445 | D:6      | Fell from the grace of Ru
  7445 | D:6      | Became a worshipper of Beogh the Brigand
  7502 | D:6      | Found Dacoris's Firing Range.
  7627 | D:6      | Found a hazy altar of Hepliaklqana.
  8167 | D:7      | Reached skill level 1 in Polearms
  8167 | D:7      | Reached XP level 9. HP: 68/73 MP: 9/9
  8181 | D:7      | Reached skill level 5 in Fighting
  8181 | D:7      | Reached skill level 7 in Shields
  8208 | D:7      | Found a runed translucent door.
  8240 | D:7      | Noticed an orange crystal statue
  8271 | D:7      | Reached * piety under Beogh
  8463 | D:7      | Found a runed translucent door.
  8956 | D:7      | Found a glowing silver altar of Zin.
  9442 | D:7      | Found an opulent altar of Gozag.
  9547 | D:7      | Found the +10 tower shield of Ignorance {rN+ Int-4}
  9722 | D:8      | Noticed a two-headed ogre
  9732 | D:8      | Demolished by a two-headed ogre

Illustrated notes

Levels and vault maps discovered:
D:1:      eino_arrival_water_cross, layout_loops_ring, serial_shops,
          nicolae_shop_crystal, nicolae_shop_waterfront, nrook_mini_vaults,
          nrook_uturn
D:2:      layout_loops_ring, kennysheep_generic_room_13
D:3:      layout_basic, dreamdust_ecumenical_altar_angels_and_demons,
          chequers_serial_rivers_micro_e, minmay_goblin_kobold_house
D:4:      layout_gridville, kennysheep_mini_moat, led_xom_imps, minmay_puff,
          uniq_crazy_yiuf_cottage
D:5:      layout_basic, minmay_temple_entry_gardened_gates, serial_shops, shop
D:6:      layout_rooms, nicolae_overflow_crystal_walls, fedhas_altar_fruit_tree,
          nicolae_shop_firing_range
D:7:      layout_cave_pools, nicolae_gozag_cash_rules_everything_around_me,
          nicolae_overflow_hidden_temple, chequers_guarded_unrand_ignorance
D:8:      layout_basic
Temple:   nicolae_temple_god_jail

Skill      XL: |  1  2  3  4  5  6  7  8  9 |
---------------+----------------------------+-----
Axes           | 3 |  3.8
Fighting       | 4 5 |  5.4
Short Blades   | 1 2 |  2.3
Throwing       | 1 2 3 4 |  4.6
Armour         | 4 5 6 |  6.6
Shields        | 4 5 6 7 |  7.8
Dodging        | 1 2 |  2.4
Maces & Flails | 2 4 |  4.0
Stealth        | 1 |  1.2
Polearms       | 1 3 |  3.1

Action                   |  1- 3 |  4- 6 |  7- 9 || total
-------------------------+-------+-------+-------++-------
Melee: War axe           |    22 |       |       ||    22
       Dagger            |    23 |   179 |     7 ||   209
       Mace              |       |       |   130 ||   130
       Spear             |       |       |   129 ||   129
Throw: Stone             |    41 |    75 |       ||   116
       Boomerang         |       |    16 |    84 ||   100
       Javelin           |       |       |     4 ||     4
Invok: Convert to Beogh  |       |       |     1 ||     1
  Use: Potion            |     1 |       |     5 ||     6
       Scroll            |       |     2 |     5 ||     7
 Stab: Sleeping          |       |       |     1 ||     1
Armor: Scale mail        |    20 |    60 |   114 ||   194
       Robe              |       |       |    26 ||    26
Dodge: Dodged            |    21 |    36 |    87 ||   144
Block: Kite shield       |    25 |     6 |       ||    31
       Tower shield      |       |   113 |   325 ||   438
